 Dungeon Sprint DCSS version 0.28-a0-863-g8cecda6153 (webtiles) character file.

Game seed: 13768926641305733980

8400000 Turgor the Axe Maniac (level 24, -62/228 (295) HPs)
             Began as a Troll Berserker on Nov 16, 2021.
             Was a High Priest of Makhleb.
             Killed from afar by a wretched soul (104 damage)
             ... with a bolt of negative energy
             ... in the Dungeon (Sprint VIII: "Arena of Blood").
             The game lasted 00:13:29 (84 turns).

Turgor the Axe Maniac (Troll Berserker)               Turns: 84, Time: 00:13:30

HP:   -62/228 (295) AC:  6    Str: 35    XL:     24   Next: 79%
MP:   23/53         EV: 20    Int:  6    God:    Makhleb [*****.]
Gold: 0             SH:  0    Dex: 11    Spells: 77/77 levels left

rFire   . . .      SeeInvis .   i - +āˆž Axe of Woe
rCold   . . .      Faith    .   (shield currently unavailable)
rNeg    . . .      Spirit   .   b - +0 animal skin
rPois   .          Reflect  .   (helmet restricted)
rElec   .          Harm     .   (no cloak)
rCorr   .          Rampage  .   (gloves unavailable)
Will    +....      NoTele   +   (boots unavailable)
Stlth   +++++++++.              (no amulet)
HPRegen 1.48/turn               e - +200 ring of slaying
MPRegen 0.33/turn               (no ring)

@: slowed, heavily drained, very slow
A: large, unfitting armour, claws 3, regeneration 1, shaggy fur 1, tough skin 1
a: Renounce Religion, Minor Destruction, Lesser Servant of Makhleb, Major
Destruction, Greater Servant of Makhleb


You were in the Dungeon.
You worshipped Makhleb.
Makhleb was extremely pleased with you.
You visited 1 branch

Inventory:

Hand Weapons
 a - a +0 hand axe
 i - the +āˆž Axe of Woe (weapon)
   (You found it in the Dungeon)
Armour
 b - a +0 animal skin (worn)
Jewellery
 d - a +30 ring of slaying
 e - a +200 ring of slaying (left claw)
 j - a +30 ring of slaying
 k - a +250 ring of slaying
 l - a +30 ring of slaying
 m - a +30 ring of slaying
 n - a +30 ring of slaying
 o - a +30 ring of slaying
 p - a +30 ring of slaying
 q - a +30 ring of slaying
 r - a +30 ring of slaying
 s - a +30 ring of slaying
Scrolls
 h - a scroll of blinking
Potions
 c - a potion of curing
 f - 2 potions of magic
 g - a potion of berserk rage


   Skills:
 O Level 27 Fighting
 O Level 27 Axes
 O Level 27 Maces & Flails
 O Level 27 Polearms
 O Level 27 Staves
 + Level 2.1 Throwing
 O Level 27 Armour
 O Level 27 Dodging
 O Level 27 Stealth
 O Level 27 Unarmed Combat
 O Level 27 Spellcasting
 O Level 27 Invocations
 + Level 1.7 Evocations


You had 77 spell levels left.
You didn't know any spells.
Your spell library was empty.

Dungeon Overview and Level Annotations

Branches:
Dungeon (1/1)

Altars:
Makhleb


Innate Abilities, Weirdness & Mutations

You are too large for most types of armour.
You have claws for hands.
Your natural rate of healing is unusually fast.
You are covered in fur. (AC +1)
You have tough skin. (AC +1)


Message History

Makhleb accepts your kill.
You feel better.
You cut the meat beast into ribbons!!!
You cleave the meat beast in twain.
You kill the meat beast!
Makhleb accepts your kill.
You feel better.
You hear a shout!
You hear a screech!
You hear a shout! x14
The meat beast bites you!! The meat beast closely misses you.
You hear a shout! x2
A destroyer comes into view. It is wielding a +9 vorpal great sword.
The destroyer shouts!
You have mastered Spellcasting!
You need to enable at least one skill for training.
Your Throwing skill gained 2 levels and is now at level 2!
Your Evocations skill increases to level 1!
Okay, then.
The meat beast bites you. The meat beast tramples you.
You hold your ground!
The meat beast bites you! The meat beast tramples you!
You hold your ground!
You hear a shout! x7
A bolt of negative energy appears from out of thin air!
Deactivating autopickup; reactivate with Ctrl-A.
The bolt of negative energy hits you!!!
You feel drained.
* * * LOW HITPOINT WARNING * * *
The bolt of negative energy hits the meat beast.
The meat beast completely resists.
You hear a shout!
A bag of meat comes into view. It is wielding a +9 war axe.
You hear a shout!
The meat beast bites you!!
* * * LOW HITPOINT WARNING * * *
The meat beast tramples you!
* * * LOW HITPOINT WARNING * * *
You hold your ground!
The destroyer points at you and mumbles some strange words.
The destroyer blinks!
A meat berserker comes into view. It is wielding a +9 battleaxe.
A bolt of negative energy appears from out of thin air!
The bolt of negative energy hits you!!!!
You feel drained.
You die...

..........
...2......o
..W......
#W......# . #..
....# .. ..###..
.oV###O..
......###2)......
......W_@O.......
....#..{))#......
. #_)<)_# ..DĀ§.
#)))).# ....
....._.........
......###........
..###.. ...###. .
. #.. ...# #..
...#


You could see a meat beast (fast), an eight-headed meat hydra, a destroyer, a
dread, 2 meat berserkers and 2 bags of meat.

Vanquished Creatures
  5 hell beasts (D)
  3 royal mummies (D)
  A vampire knight (D)
  13 ogres (D)
  A two-headed ogre (D)
  2 liches (D)
  21 orcs (D)
  A phantom (D)
  6 skeletal warriors (D)
53 creatures vanquished.

Notes
Turn   | Place    | Note
-------+----------+-------------------------------------------
     0 | D        | Found the +āˆž Axe of Woe
     0 | D        | Turgor the Troll Berserker began the quest for the Orb.
     0 | D        | Reached XP level 1. HP: 22/22 MP: 0/0
     1 | D        | Noticed a meat berserker
     2 | D        | Noticed a bag of meat
     3 | D        | Killed a meat berserker
     3 | D        | Noticed a bag of meat
     3 | D        | Noticed a bag of meat
     3 | D        | Noticed a bag of meat
     3 | D        | Noticed a bag of meat
     3 | D        | Noticed a bag of meat
     4 | D        | Reached XP level 2. HP: 52/52 MP: 1/1
     4 | D        | Reached XP level 3. HP: 59/59 MP: 2/2
     4 | D        | Reached XP level 4. HP: 68/68 MP: 3/3
     4 | D        | Reached XP level 5. HP: 76/76 MP: 4/4
     4 | D        | Reached XP level 6. HP: 85/85 MP: 5/5
     4 | D        | Reached XP level 7. HP: 93/93 MP: 6/6
     4 | D        | Reached XP level 8. HP: 102/102 MP: 7/7
     4 | D        | Reached XP level 9. HP: 110/110 MP: 8/8
     4 | D        | Reached XP level 10. HP: 119/119 MP: 9/9
     4 | D        | Reached XP level 11. HP: 127/127 MP: 10/10
     5 | D        | Killed a bag of meat
     5 | D        | Noticed a meat berserker
     6 | D        | Reached XP level 12. HP: 139/139 MP: 11/11
     7 | D        | Noticed a bag of meat
     7 | D        | Noticed a bag of meat
     8 | D        | Killed a bag of meat
     8 | D        | Reached ** piety under Trog
     8 | D        | Killed a bag of meat
     9 | D        | Reached skill level 15 in Fighting
     9 | D        | Reached skill level 15 in Dodging
     9 | D        | Reached XP level 13. HP: 152/152 MP: 12/12
     9 | D        | Killed a bag of meat
     9 | D        | Noticed a meat berserker
    11 | D        | Killed a meat berserker
    11 | D        | Reached *** piety under Trog
    12 | D        | Reached XP level 14. HP: 167/167 MP: 13/13
    13 | D        | Killed a meat berserker
    13 | D        | Killed a bag of meat
    13 | D        | Killed a bag of meat
    13 | D        | Reached **** piety under Trog
    13 | D        | Noticed a meat berserker
    14 | D        | Reached XP level 15. HP: 182/182 MP: 14/14
    14 | D        | Noticed a meat berserker
    16 | D        | Reached skill level 27 in Axes
    19 | D        | Killed a meat berserker
    19 | D        | Reached ***** piety under Trog
    20 | D        | Reached skill level 10 in Armour
    20 | D        | Reached XP level 16. HP: 115/206 MP: 15/15
    20 | D        | Killed a meat berserker
    22 | D        | Received a gift from Trog
    24 | D        | Reached XP level 17. HP: 130/224 MP: 16/16
    26 | D        | Reached skill level 27 in Fighting
    26 | D        | Reached skill level 15 in Armour
    28 | D        | Noticed a meat berserker
    28 | D        | Noticed a destroyer
    30 | D        | Noticed a sculptor of flesh
    30 | D        | Killed a destroyer
    31 | D        | Reached skill level 27 in Dodging
    34 | D        | Killed a meat berserker
    34 | D        | Received a gift from Trog
    35 | D        | Reached XP level 18. HP: 150/236 MP: 17/17
    35 | D        | Noticed a large bag of meat
    35 | D        | Noticed a sculptor of flesh
    35 | D        | Noticed a sculptor of flesh
    36 | D        | Killed a sculptor of flesh
    36 | D        | Reached ****** piety under Trog
    38 | D        | Killed a sculptor of flesh
    39 | D        | Killed a large bag of meat
    40 | D        | Reached skill level 27 in Armour
    40 | D        | Noticed a meat berserker
    40 | D        | Noticed a sculptor of flesh
    42 | D        | Noticed a sculptor of flesh
    45 | D        | Killed a meat berserker
    45 | D        | Killed a sculptor of flesh
    45 | D        | Received a gift from Trog
    46 | D        | Reached XP level 19. HP: 143/245 MP: 18/18
    46 | D        | Noticed a tyrant
    46 | D        | Noticed a meat berserker
    52 | D        | Killed a tyrant
    53 | D        | Killed a meat berserker
    53 | D        | Received a gift from Trog
    55 | D        | Noticed a meat berserker
    57 | D        | Noticed an accursed
    57 | D        | Noticed a tyrant
    57 | D        | Noticed an accursed
    59 | D        | Killed an accursed
    60 | D        | Reached XP level 20. HP: 107/256 MP: 19/19
    60 | D        | Noticed an accursed
    60 | D        | Noticed a meat berserker
    60 | D        | Noticed a meat berserker
    60 | D        | Noticed a meat beast
    61 | D        | Killed a tyrant
    61 | D        | Killed an accursed
    62 | D        | Reached skill level 27 in Stealth
    63 | D        | Fell from the grace of Trog
    63 | D        | Became a worshipper of Makhleb the Destroyer
    64 | D        | Killed a meat berserker
    65 | D        | Reached skill level 15 in Unarmed Combat
    65 | D        | Noticed a meat berserker
    66 | D        | Killed a meat berserker
    66 | D        | Reached * piety under Makhleb
    67 | D        | Reached skill level 15 in Polearms
    67 | D        | Noticed a meat beast
    67 | D        | Killed a meat beast
    68 | D        | Reached XP level 21. HP: 150/265 MP: 20/20
    70 | D        | Killed a meat beast
    70 | D        | Reached ** piety under Makhleb
    71 | D        | Reached XP level 22. HP: 216/275 MP: 20/37
    72 | D        | Reached skill level 27 in Invocations
    73 | D        | Noticed a meat beast
    75 | D        | Reached *** piety under Makhleb
    75 | D        | Noticed a dread
    76 | D        | Killed a meat beast
    77 | D        | Reached skill level 27 in Maces & Flails
    77 | D        | Reached skill level 27 in Unarmed Combat
    77 | D        | Reached XP level 23. HP: 272/284 MP: 21/39
    77 | D        | Noticed a meat beast
    78 | D        | Noticed a dread
    78 | D        | Noticed a meat beast
    79 | D        | Killed an accursed
    79 | D        | Reached **** piety under Makhleb
    80 | D        | Reached skill level 27 in Polearms
    80 | D        | Noticed a meat beast
    82 | D        | Killed a meat beast
    82 | D        | Reached ***** piety under Makhleb
    83 | D        | Reached skill level 27 in Staves
    83 | D        | Reached XP level 24. HP: 127/295 MP: 22/45
    83 | D        | Killed a meat beast
    83 | D        | Noticed a destroyer
    84 | D        | Reached skill level 27 in Spellcasting
    84 | D        | Reached skill level 1 in Evocations
    84 | D        | Killed from afar by a wretched soul

Illustrated notes

Levels and vault maps discovered:
D:        meatsprint

Skill      XL: |  1  2  3  4  5  6  7  8  9 10 11 12 13 14 15 16 17 18 19 20 21 22 23 24 |
---------------+-------------------------------------------------------------------------+-----
Fighting       | 13 14 15 17 19 23 26 27 | 27.0
Axes           | 17 19 21 24 26 27 | 27.0
Dodging        | 13 14 15 17 19 22 23 27 | 27.0
Armour         | 10 14 23 27 | 27.0
Stealth        | 16 25 27 | 27.0
Maces & Flails | 22 23 27 | 27.0
Polearms       | 20 21 26 27 | 27.0
Unarmed Combat | 23 25 27 | 27.0
Invocations    | 25 27 | 27.0
Staves         | 16 27 | 27.0
Spellcasting   | 19 27 | 27.0
Throwing       | 2 |  2.1
Evocations     | 1 |  1.7

Action                   |  1- 3 |  4- 6 |  7- 9 | 10-12 | 13-15 | 16-18 | 19-21 | 22-24 || total
-------------------------+-------+-------+-------+-------+-------+-------+-------+-------++-------
Melee: Executioner's axe |     1 |       |       |     2 |     6 |    13 |    11 |     7 ||    40
Invok: Berserk           |       |       |       |     1 |       |       |       |       ||     1
       Brothers in Arms  |       |       |       |       |       |       |     2 |       ||     2
       Trog's Hand       |       |       |       |       |       |       |     1 |       ||     1
  Use: Potion            |       |       |       |       |     1 |     1 |       |       ||     2
Armor: Animal skin       |       |       |       |       |       |       |       |     2 ||     2
Dodge: Dodged            |       |       |       |       |     1 |       |       |     3 ||     4

Table legend: (Time is in decaauts)
 A = Elapsed time spent in this place.
 B = Non-inter-level travel time spent in this place.
 C = Inter-level travel time spent in this place.
 D = Time resting spent in this place.
 E = Time spent auto-exploring this place.
 F = Levels seen in this place.
 G = Mean time per level.
                   A        B        C        D        E       F      G
               +--------+--------+--------+--------+--------+-----+--------+
         Total |     64 |     64 |      0 |      0 |      0 |   1 |   64.0 |
       Dungeon |     64 |     64 |      0 |      0 |      0 |   1 |   64.0 |
               +--------+--------+--------+--------+--------+-----+--------+

Top non-repeatable levels by time:
       D: 64 daAuts
